 Dungeon Crawl Stone Soup version 0.31-a0-1074-g0b22e4e0f1 (console) character file.

Game seed: 15875340613190787996

141813 jejorda2 the Cleaver (level 17, -4/137 HPs)
             Began as a Gnoll Berserker on Nov 26, 2023.
             Was a High Priest of Trog.
             Slain by a sea snake (12 damage)
             ... on level 1 of the Shoals on Nov 27, 2023.
             The game lasted 01:30:14 (32871 turns).

jejorda2 the Cleaver (Gnoll Berserker)             Turns: 32871, Time: 01:30:14

Health: -4/137     AC: 31    Str: 27    XL:     17   Next: 34%
Magic:  32/32      EV: 17    Int:  7    God:    Trog [*****.]
Gold:   2572       SH: 14    Dex: 16    Spells: 39/39 levels left

rFire   . . .        a - +10 hand axe {heavy, Str+3 Dex+4 SInv}
rCold   + . .        k - +2 kite shield {AC+3}
rNeg    . . .        f - +10 ring mail of Toschoij {Stlth+}
rPois   .            P - +2 helmet
rElec   .            A - +2 cloak {Will+}
rCorr   .            E - +0 pair of gloves
SInv    +            x - +0 pair of boots
Will    ++...        t - amulet of faith
Stlth   +++++        T - ring of protection from cold
HPRegen 0.42/turn    i - ring of see invisible
MPRegen 0.23/turn

%: faith
@: about to teleport, marked, on berserk cooldown, slowed, very slow
A: fangs 1, strong nose, distributed training
a: Renounce Religion, Berserk, Trog's Hand, Brothers in Arms


You were on level 1 of the Shoals.
You worshipped Trog.
Trog was extremely pleased with you.
You visited 4 branches of the dungeon, and saw 23 of its levels.
You also visited: Ossuary, Ice Cave and Volcano.

You collected 2808 gold pieces.
You spent 236 gold pieces at shops.

Inventory:

Hand Weapons
 a - the +10 hand axe "Luwio" (weapon) {heavy, Str+3 Dex+4 SInv}
   (Trog gifted it to you on level 12 of the Dungeon)

   Str+3:     It affects your strength (+3).
   Dex+4:     It affects your dexterity (+4).
   SInv:      It lets you see invisible.
 b - a +3 demon whip
 w - a +0 broad axe of flaming
 J - the +4 rapier of Affepaadd {spect, rElec Str+3}
   (You found it on level 2 of the Lair of Beasts)

   Str+3:     It affects your strength (+3).
   rElec:     It insulates you from electricity.
Missiles
 d - 17 boomerangs (quivered)
 g - 2 throwing nets
 o - 17 poisoned darts
 y - 3 javelins
 O - 6 curare-tipped darts
 V - 3 datura-tipped darts
Armour
 f - the +10 ring mail of Toschoij (worn) {Stlth+}
   (You found it on level 12 of the Dungeon)

   Stlth+:    It makes you more stealthy.
 k - a +2 kite shield of protection (worn)
 x - a +0 pair of boots (worn)
 A - a +2 cloak of willpower (worn)
 E - a +0 pair of gloves (worn)
 P - a +2 helmet (worn)
 S - a +2 buckler of cold resistance
Jewellery
 i - a ring of see invisible (right hand)
 t - an amulet of faith (around neck)
 z - a ring of positive energy
 M - a ring of protection from cold
 T - a ring of protection from cold (left hand)
Wands
 c - a wand of roots (34)
 u - a wand of digging (4)
 B - a wand of polymorph (12)
 C - a wand of light (15)
 F - a wand of flame (7)
 K - a wand of paralysis (27)
Scrolls
 h - a scroll of poison
 n - 2 scrolls of revelation
 q - 5 scrolls of teleportation
 v - 4 scrolls of fog
 I - a scroll of blinking
 L - 2 scrolls of fear
 N - 2 scrolls of butterflies
 U - 3 scrolls of immolation
Potions
 e - a potion of lignification
 j - 4 potions of resistance
 l - 2 potions of enlightenment
 m - 3 potions of attraction
 p - 5 potions of mutation
 r - 10 potions of curing
 s - 4 potions of might
 D - 2 potions of invisibility
 G - a potion of ambrosia
 R - 2 potions of heal wounds
Miscellaneous
 H - a phial of floods


   Skills:
 + Level 13.3 Fighting
 + Level 11.7 Short Blades
 + Level 11.7 Long Blades
 + Level 13.3 Axes
 + Level 11.7 Maces & Flails
 + Level 11.7 Polearms
 + Level 11.7 Staves
 + Level 11.7 Ranged Weapons
 + Level 11.7 Throwing
 + Level 12.5 Armour
 + Level 12.5 Dodging
 + Level 11.7 Stealth
 + Level 11.7 Shields
 + Level 11.7 Unarmed Combat
 + Level 11.7 Spellcasting
 + Level 9.9 Conjurations
 + Level 9.9 Hexes
 + Level 9.9 Summonings
 + Level 9.9 Necromancy
 + Level 9.9 Translocations
 + Level 9.9 Transmutations
 + Level 9.9 Fire Magic
 + Level 9.9 Ice Magic
 + Level 9.9 Air Magic
 + Level 9.9 Earth Magic
 + Level 9.9 Poison Magic
 + Level 12.7 Invocations
 + Level 11.7 Evocations
 + Level 10.8 Shapeshifting


You had 39 spell levels left.
You didn't know any spells.
Your spell library was empty.

Dungeon Overview and Level Annotations

Branches:
Dungeon (15/15)            Temple (0/1) D:7            Lair (5/5) D:8
 Shoals (1/4) Lair:2       Spider (0/4) Lair:3        Slime (0/5) Lair:4
    Orc (2/2) D:10            Elf (0/3) Orc:2        Vaults (0/5) D:13
 Depths (0/4) D:15        Ossuary (visited)           IceCv (visited)
Volcano (visited)

Altars:
Hepliaklqana
Kikubaaqudgha
Nemelex Xobeh
Ru
Sif Muna
Uskayaw
Vehumet
Xom
Yredelemnul
Zin
Jiyva

Shops:
D:4 (   D:7 [   D:11 :   Orc:2 ?=(?

Annotations:
D:4 2 runed translucent doors
D:7 Dig Loot
D:10 2 transporters, Xavori's ghost, journeyman DjCK


Innate Abilities, Weirdness & Mutations

You have very sharp teeth.
Your uncanny sense of smell can sniff out nearby items.
Your experience applies equally to all skills.


Message History

The sea snake is knocked back by the gust of wind.
The skyshark is knocked back by the gust of wind.
The tentacle barely misses you.
Unknown command.
Unknown command.
As you read the scroll of teleportation, it crumbles to dust.
You feel strangely unstable. The tentacle barely misses you.
You block the tentacle's attack.
A tentacle segment bursts forth from the water.
The dream sheep ruffle their wool and motes of dream dust sparkle, to no effect.
You block the sea snake's attack. You block the tentacle's attack.
The tentacle slaps you!! The skyshark barely misses you.
The skyshark tail-slaps you but does no damage. x2
The sea snake misses you. The tentacle misses you.
The wind drake flaps its wings at you. The air twists around and strikes you!
The tentacle barely misses you. The tentacle slaps you!
* * * LOW HITPOINT WARNING * * *
Unknown command.
Unknown command.
You slash the sea snake!
The sea snake is lightly wounded.
You hit the tentacle but do no damage. You slash the tentacle! x2
You hit the skyshark. You block the tentacle's attack.
The tentacle slaps you but does no damage.
You block the tentacle's attack. The skyshark bites you!
* * * LOW HITPOINT WARNING * * *
The skyshark enters a blood-rage!
The skyshark tail-slaps you but does no damage.
The skyshark barely misses you. The sea snake bites you!
* * * LOW HITPOINT WARNING * * *
You block the tentacle's attack. The tentacle completely misses you.
The tentacle slaps you but does no damage.
The skyshark bites you!
* * * LOW HITPOINT WARNING * * *
The skyshark tail-slaps you but does no damage.
The skyshark closely misses you.
A merfolk comes into view. It is wielding a +0 trident.
The sea snake bites you!
You die...

≈≈≈≈≈≈≈≈≈~~~~~~~~~~~~~~
≈≈≈≈≈≈≈≈≈≈~~~~~~~~~~~~~~
~~~≈≈≈≈≈≈≈≈~~~~~~.~~~~~~~~~
≈≈~~~~~~~~~≈≈≈≈≈~~~~~~...........
≈≈~~~t...~~~≈≈≈~~~~.......##.~###
≈~~~......~~≈≈X~~......)..#......
~~~... #..~~~~~~~".....).........
~~~..# #..~~~~~w.................
~~~..# #.....~kw@.........#......
~~...###....mc~lSw........#......
~~.......)..Ytm──.........#......
~~~.....).)Y..............#......
~.~~~...)Y.......................
....Y~m..mm.....................)
..Y.m...##....~###........#....~)
..m....###.~~~~.##........##..###
..#.........~.............~~~~~~.


You could see a kraken, a merfolk impaler, a skyshark (berserk), a sea snake, a
snapping turtle, a wind drake (repels missiles), 3 merfolk, a faun, 3 tentacles
and 3 dream sheep.

Vanquished Creatures
  Jorgrun (D:15)
  Rupert (Lair:3)
  A sphinx (D:15)
  Kirke (Lair:3)
  Roxanne (Shoals:1)
  Azrael (Orc:2)
  Josephine (D:13)
  Erolcha (Orc:2)
  4 hydras
  4 vault guards (D:13)
  A catoblepas (D:15)
  8 two-headed ogres
  9 boulder beetles
  A death knight (D:15)
  2 ogre magi
  2 centaur warriors
  An alligator snapping turtle (Shoals:1)
  2 tengu warriors
  4 death yaks (Lair:2)
  An orc high priest (Orc:1)
  A deep troll earth mage (D:15)
  An occultist (D:15)
  A hell knight (Volcano)
  3 skysharks
  Nergalle (Lair:3)
  12 skeletal warriors
  3 sea snakes (Shoals:1)
  A sea snake (shapeshifter) (D:15)
  An obsidian statue (D:12)
  5 lindwurms
  An arcanist (D:14)
  9 orc sorcerers
  A necromancer (IceCv)
  10 harpies (Shoals:1)
  8 cyclopes
  4 deep elf pyromancers
  2 orc knights
  A wolf spider (Lair:5)
  9 ugly things
  Maurice (D:7)
  2 salamanders (Volcano)
  6 fauns (Shoals:1)
  A guardian serpent (Lair:5)
  2 merfolk sirens
  2 manticores
  9 black mambas
  8 elephants
  An ice statue (IceCv)
  5 molten gargoyles (Volcano)
  19 cane toads
  6 gargoyles
  Maggie (D:7)
  Jeremiah (D:7)
  13 komodo dragons
  3 yaktaurs (D:15)
  4 efreet
  4 anaconda simulacra (IceCv)
  6 rime drakes
  11 ice devils (IceCv)
  6 freezing wraiths
  5 trolls
  A meliai (D:13)
  2 merfolk (Shoals:1)
  4 polar bears
  4 blink frogs (Lair:4)
  2 snapping turtles (Shoals:1)
  3 hornets
  3 culicivoras (Lair:3)
  Sigmund (D:6)
  2 dire elephant simulacra (IceCv)
  2 slime creatures
  24 yaks
  A vampire (D:11)
  8 wraiths
  A shadow (D:10)
  17 wyverns
  4 fire elementals (Orc:2)
  4 basilisks
  3 redbacks (Lair:5)
  6 death yak simulacra
  A steam dragon (D:10)
  11 vampire mosquitoes
  4 wargs
  Menkaure (D:7)
  A hydra simulacrum (IceCv)
  4 hell hounds (Orc:2)
  42 water moccasins
  2 ice beasts (D:8)
  19 orc warriors
  A sky beast (D:7)
  2 black bears (D:6)
  4 boggarts (Lair:3)
  11 ogres
  5 centaurs
  22 wolves
  A phantom (D:5)
  A kobold brigand (D:4)
  12 bullfrogs
  2 scorpions
  2 gnoll sergeants
  4 cane toad simulacra
  4 two-headed ogre simulacra
  10 wights
  8 elephant simulacra (IceCv)
  3 howler monkeys
  4 gnoll boudas
  13 orc priests
  4 hounds
  7 jellies
  2 sleepcaps
  3 iguanas
  36 orc wizards
  7 hell rats (Lair:3)
  3 polar bear simulacra (IceCv)
  2 spriggan simulacra
  A troll simulacrum (D:13)
  4 wolf simulacra
  8 mummies (Ossuary)
  23 gnolls
  20 adders
  A naga simulacrum (IceCv)
  A white imp (D:7)
  An ufetubus (IceCv)
  5 worms
  2 dart slugs
  59 orcs
  10 endoplasms
  4 giant cockroaches
  A gnoll zombie (Ossuary)
  9 goblins
  3 hobgoblins
  8 jackals
  6 quokkas
  8 ball pythons
  5 bats
  3 frilled lizards (D:1)
  3 hobgoblin zombies (Ossuary)
  8 kobolds
  2 kobold zombies (Ossuary)
  2 orc zombies (Ossuary)
  2 rats
786 creatures vanquished.

Vanquished Creatures (collateral kills)
  A skeletal warrior (D:14)
  A harpy (Shoals:1)
  An ugly thing (D:14)
  4 elephants (Lair:4)
  A torpor snail (Lair:4)
  3 yaks (Lair:4)
11 creatures vanquished.

Vanquished Creatures (others)
  4 humans (Lair:3)
  An orc priest (Orc:2)
  2 orc wizards (Orc:2)
  A tentacle (Shoals:1)
8 creatures vanquished.

Grand Total: 805 creatures vanquished

Notes
Turn   | Place    | Note
-------+----------+-------------------------------------------
     0 | D:1      | jejorda2 the Gnoll Berserker began the quest for the Orb.
     0 | D:1      | Reached XP level 1. HP: 23/23 MP: 1/1
   205 | D:1      | Reached XP level 2. HP: 29/29 MP: 2/2
   380 | D:1      | Found a faded altar of an unknown god.
   951 | D:2      | Reached XP level 3. HP: 35/35 MP: 3/3
  1135 | D:2      | Reached ** piety under Trog
  1136 | D:2      | Reached skill level 1 in Invocations
  1521 | D:2      | Reached skill level 1 in Short Blades
  1521 | D:2      | Reached skill level 1 in Long Blades
  1521 | D:2      | Reached skill level 1 in Maces & Flails
  1521 | D:2      | Reached skill level 1 in Polearms
  1521 | D:2      | Reached skill level 1 in Staves
  1521 | D:2      | Reached skill level 1 in Ranged Weapons
  1521 | D:2      | Reached skill level 1 in Throwing
  1521 | D:2      | Reached skill level 1 in Stealth
  1521 | D:2      | Reached skill level 1 in Shields
  1521 | D:2      | Reached skill level 1 in Unarmed Combat
  1521 | D:2      | Reached skill level 1 in Spellcasting
  1521 | D:2      | Reached skill level 1 in Evocations
  1628 | D:2      | Reached XP level 4. HP: 41/41 MP: 5/5
  1631 | D:2      | Reached skill level 1 in Shapeshifting
  1949 | D:3      | Found a sacrificial altar of Ru.
  2090 | D:3      | Reached skill level 1 in Conjurations
  2090 | D:3      | Reached skill level 1 in Hexes
  2090 | D:3      | Reached skill level 1 in Summonings
  2090 | D:3      | Reached skill level 1 in Necromancy
  2090 | D:3      | Reached skill level 1 in Translocations
  2090 | D:3      | Reached skill level 1 in Transmutations
  2090 | D:3      | Reached skill level 1 in Fire Magic
  2090 | D:3      | Reached skill level 1 in Ice Magic
  2090 | D:3      | Reached skill level 1 in Air Magic
  2090 | D:3      | Reached skill level 1 in Earth Magic
  2090 | D:3      | Reached skill level 1 in Poison Magic
  2107 | D:3      | HP: 1/41 [gnoll/+0 club (5)]
  2112 | D:3      | Reached XP level 5. HP: 5/47 MP: 5/7
  2740 | D:4      | Noticed an ogre
  2752 | D:4      | Killed an ogre
  2901 | D:4      | Reached XP level 6. HP: 49/53 MP: 8/8
  2928 | D:4      | Found Rociukko's Weapon Shoppe.
  2937 | D:4      | Bought a +0 war axe for 49 gold pieces
  2956 | D:4      | Found a hide-covered altar of Uskayaw.
  3035 | D:4      | Found a large runed translucent door.
  3035 | D:4      | Found a large runed translucent door.
  3045 | D:4      | Found a large runed translucent door.
  3045 | D:4      | Found a large runed translucent door.
  3066 | D:4      | Reached skill level 5 in Armour
  3066 | D:4      | Reached skill level 5 in Dodging
  3123 | D:4      | Reached XP level 7. HP: 58/59 MP: 10/10
  3356 | D:4      | Reached *** piety under Trog
  3532 | D:5      | Entered Level 5 of the Dungeon
  3608 | D:5      | Found a radiant altar of Vehumet.
  4034 | D:5      | Reached XP level 8. HP: 60/63 MP: 12/12
  4179 | D:5      | Identified the +7 rapier "Estriweff" {vamp, Str+3 Int+5
                  | Stlth+}
  4618 | D:5      | Found a basalt altar of Yredelemnul.
  4699 | D:6      | Found a hazy altar of Hepliaklqana.
  4699 | D:6      | Noticed Sigmund
  4711 | D:6      | Killed Sigmund
  4742 | D:6      | Reached XP level 9. HP: 71/73 MP: 14/14
  4754 | D:6      | Found a sand-covered staircase.
  4760 | Ossuary  | Entered an ossuary
  5629 | D:7      | Reached **** piety under Trog
  5796 | D:7      | Noticed Maurice
  5806 | D:7      | Maurice stole the +7 rapier "Estriweff" {vamp, Str+3 Int+5
                  | Stlth+}
  5815 | D:7      | Killed Maurice
  5816 | D:7      | Reached skill level 5 in Invocations
  5952 | D:7      | Noticed Maggie
  5954 | D:7      | Noticed Jeremiah
  5961 | D:7      | Killed Maggie
  5980 | D:7      | Killed Jeremiah
  6071 | D:7      | Found a sparkling altar of Nemelex Xobeh.
  6148 | D:7      | Noticed Menkaure
  6154 | D:7      | Killed Menkaure
  6155 | D:7      | Reached XP level 10. HP: 80/80 MP: 17/17
  6201 | D:7      | Noticed a gargoyle
  6210 | D:7      | Found Guclun's Antique Armour Shop.
  6387 | D:7      | Found a staircase to the Ecumenical Temple.
  6395 | D:7      | Reached skill level 5 in Short Blades
  6395 | D:7      | Reached skill level 5 in Long Blades
  6395 | D:7      | Reached skill level 5 in Maces & Flails
  6395 | D:7      | Reached skill level 5 in Polearms
  6395 | D:7      | Reached skill level 5 in Staves
  6395 | D:7      | Reached skill level 5 in Ranged Weapons
  6395 | D:7      | Reached skill level 5 in Throwing
  6395 | D:7      | Reached skill level 5 in Stealth
  6395 | D:7      | Reached skill level 5 in Shields
  6395 | D:7      | Reached skill level 5 in Unarmed Combat
  6395 | D:7      | Reached skill level 5 in Spellcasting
  6395 | D:7      | Reached skill level 5 in Evocations
  6494 | D:8      | Found a shimmering altar of Xom.
  6851 | D:8      | Found a staircase to the Lair.
  7668 | D:7      | Bought a glowing cloak for 187 gold pieces
  7756 | D:9      | Reached skill level 5 in Shapeshifting
  7907 | D:9      | Noticed a two-headed ogre
  7915 | D:9      | Killed a two-headed ogre
  8447 | D:9      | Reached XP level 11. HP: 67/87 MP: 19/19
  8537 | D:9      | Reached skill level 5 in Conjurations
  8537 | D:9      | Reached skill level 5 in Hexes
  8537 | D:9      | Reached skill level 5 in Summonings
  8537 | D:9      | Reached skill level 5 in Necromancy
  8537 | D:9      | Reached skill level 5 in Translocations
  8537 | D:9      | Reached skill level 5 in Transmutations
  8537 | D:9      | Reached skill level 5 in Fire Magic
  8537 | D:9      | Reached skill level 5 in Ice Magic
  8537 | D:9      | Reached skill level 5 in Air Magic
  8537 | D:9      | Reached skill level 5 in Earth Magic
  8537 | D:9      | Reached skill level 5 in Poison Magic
  8930 | D:9      | Noticed a centaur warrior
  8947 | D:9      | Killed a centaur warrior
  9416 | D:10     | Entered Level 10 of the Dungeon
  9416 | D:10     | Found a shimmering blue altar of Sif Muna.
  9715 | D:10     | Found a staircase to the Orcish Mines.
  9727 | D:10     | Noticed a two-headed ogre
  9731 | D:10     | Killed a two-headed ogre
  9848 | D:10     | Found a glowing silver altar of Zin.
  9904 | D:10     | Found a transporter.
  9937 | D:10     | Found a transporter.
  9942 | D:10     | Noticed Xavori's ghost (journeyman DjCK)
  9943 | D:10     | Noticed a manticore
  9944 | D:10     | Noticed an ogre mage
 10136 | Lair:1   | Entered Level 1 of the Lair of Beasts
 10238 | Lair:1   | Found a dark tunnel.
 10249 | Volcano  | Entered a volcano
 10253 | Volcano  | Noticed a cyclops
 10263 | Volcano  | Killed a cyclops
 10301 | Volcano  | Noticed a cyclops
 10318 | Volcano  | Killed a cyclops
 10398 | Volcano  | Noticed a salamander
 10411 | Volcano  | Killed a salamander
 10467 | Volcano  | Noticed a cyclops
 10479 | Volcano  | Killed a cyclops
 10644 | Volcano  | Noticed a salamander
 10652 | Volcano  | Killed a salamander
 10801 | Volcano  | Noticed an orc knight
 10818 | Volcano  | Killed an orc knight
 10819 | Volcano  | Reached XP level 12. HP: 96/96 MP: 22/22
 11019 | Volcano  | Noticed an orb of fire
 11055 | Volcano  | Reached skill level 10 in Fighting
 11055 | Volcano  | Reached skill level 10 in Axes
 11055 | Volcano  | Reached XP level 13. HP: 38/103 MP: 22/24
 11645 | Volcano  | Noticed an orb of fire
 13631 | Lair:2   | Found a staircase to the Shoals.
 13924 | Lair:2   | Reached ***** piety under Trog
 14546 | Lair:2   | Reached XP level 14. HP: 73/111 MP: 26/26
 14551 | Lair:2   | Reached skill level 10 in Armour
 14551 | Lair:2   | Reached skill level 10 in Dodging
 14556 | Lair:2   | Identified the +4 rapier of Affepaadd {spect, rElec Str+3}
 14738 | Lair:3   | Found a hole to the Spider Nest.
 14959 | Lair:3   | Noticed Kirke
 14971 | Lair:3   | Killed Kirke
 15378 | Lair:3   | Noticed Rupert
 15415 | Lair:3   | Killed Rupert
 15416 | Lair:3   | Reached skill level 10 in Invocations
 15647 | Lair:3   | Noticed Nergalle
 15665 | Lair:3   | Killed Nergalle
 17111 | Lair:4   | Identified the +1 leather armour of Divine Intervention
                  | {Str+4}
 17507 | Lair:4   | Found a viscous altar of Jiyva.
 17524 | Lair:4   | Found a staircase to the Slime Pits.
 17970 | Lair:4   | You fall into a shaft and drop 1 floor!
 17970 | Lair:5   | Entered Level 5 of the Lair of Beasts
 19193 | Lair:5   | Paralysed by a hornet for 1 turns
 19402 | Lair:5   | Reached XP level 15. HP: 49/120 MP: 28/28
 20098 | Lair:5   | Received a gift from Trog
 20219 | Lair:5   | Identified the +0 trident of Dullness {heavy, Str+3 Dex+3}
 20265 | Lair:5   | Reached skill level 10 in Short Blades
 20265 | Lair:5   | Reached skill level 10 in Long Blades
 20265 | Lair:5   | Reached skill level 10 in Maces & Flails
 20265 | Lair:5   | Reached skill level 10 in Polearms
 20265 | Lair:5   | Reached skill level 10 in Staves
 20265 | Lair:5   | Reached skill level 10 in Ranged Weapons
 20265 | Lair:5   | Reached skill level 10 in Throwing
 20265 | Lair:5   | Reached skill level 10 in Stealth
 20265 | Lair:5   | Reached skill level 10 in Shields
 20265 | Lair:5   | Reached skill level 10 in Unarmed Combat
 20265 | Lair:5   | Reached skill level 10 in Spellcasting
 20265 | Lair:5   | Reached skill level 10 in Evocations
 21601 | D:11     | Found Acuarr's Book Boutique.
 22291 | D:12     | You fall into a shaft and drop 3 floors!
 22291 | D:15     | Entered Level 15 of the Dungeon
 22325 | D:15     | Noticed Jorgrun
 22339 | D:15     | Killed Jorgrun
 22643 | D:14     | HP: 1/120 [poisoned by a green ugly thing]
 23249 | D:13     | Found a gate to the Vaults.
 23272 | D:13     | Found a frozen archway.
 23275 | IceCv    | Entered an ice cave
 23448 | IceCv    | Received a gift from Trog
 23764 | IceCv    | Found an ancient bone altar of Kikubaaqudgha.
 25065 | D:12     | Reached XP level 16. HP: 129/129 MP: 30/30
 25402 | D:12     | Identified the +10 hand axe "Luwio" {heavy, Str+3 Dex+4
                  | SInv} (Trog gifted it to you on level 12 of the Dungeon)
 25402 | D:12     | Received a gift from Trog
 25404 | D:12     | Identified the +10 ring mail of Toschoij {Stlth+}
 25731 | D:13     | Noticed Josephine
 25747 | D:13     | Killed Josephine
 26326 | D:13     | Reached skill level 10 in Shapeshifting
 28840 | D:15     | Noticed a sphinx
 28842 | D:15     | Found a staircase to the Depths.
 28855 | D:15     | Killed a sphinx
 29381 | Orc:1    | Entered Level 1 of the Orcish Mines
 29814 | Orc:1    | Received a gift from Trog
 30362 | Orc:2    | Entered Level 2 of the Orcish Mines
 30434 | Orc:2    | Noticed Azrael
 30445 | Orc:2    | Killed Azrael
 30808 | Orc:2    | Found a staircase to the Elven Halls.
 31294 | Orc:2    | Found Tawnem's Magic Scroll Shoppe.
 31326 | Orc:2    | Received a gift from Trog
 31454 | Orc:2    | Found a radiant altar of Vehumet.
 31455 | Orc:2    | Noticed Erolcha
 31468 | Orc:2    | Reached XP level 17. HP: 125/125 MP: 32/32
 31470 | Orc:2    | Killed Erolcha
 31507 | Orc:2    | Found Zooplaf's Jewellery Shoppe.
 31519 | Orc:2    | Found an ancient bone altar of Kikubaaqudgha.
 31662 | Orc:2    | Found Nimu Rar's Magic Scroll Shoppe.
 31671 | Orc:2    | Found Fudofimn's Antique Weapon Emporium.
 31890 | Shoals:1 | Entered Level 1 of the Shoals
 31993 | Shoals:1 | Noticed Roxanne
 32247 | Shoals:1 | Killed Roxanne
 32857 | Shoals:1 | Received a gift from Trog
 32865 | Shoals:1 | Noticed a kraken
 32871 | Shoals:1 | Slain by a sea snake

Illustrated notes

Levels and vault maps discovered:
D:1:      lemuel_arrival_funnel, layout_basic,
          hellmonk_ecumenical_altar_heavens_door, minmay_hexomino_c4
D:2:      minmay_wonky_spiral, layout_loops_corners
D:3:      layout_loops_ring, nicolae_ru_path_of_blood,
          hangedman_abyss_or_decor_stabs
D:4:      layout_basic, nicolae_uskayaw_murder_on_the_dancefloor, serial_shops,
          nicolae_shop_scrapyard, minmay_hollow_rounded_squares
D:5:      layout_cave_pods, kennysheep_mini_moat, vehumet_crystals
D:6:      layout_rooms, mainiacjoe_overflow_catwalk, enter_ossuary_2,
          uniq_sigmund
D:7:      minmay_chambers_of_fours, layout_rooms, nemelex_altar_shiori,
          minmay_temple_entry_nine_rooms, grunt_decor_fettered,
          nicolae_take_the_stairs, lightli_corner_chamber, uniq_menkaure,
          uniq_maggie, uniq_jeremiah, uniq_maurice
D:8:      layout_gridville, lemuel_round_altar, hellmonk_lair_entry_icy
D:9:      layout_basic, serial_curves, eino_curves_03, eino_curves_01
D:10:     layout_cross, lemuel_crystal_altar, zin_scriptorium, orc_0_dummy,
          gammafunk_ghost_arena, grunt_ministairs_4
D:11:     layout_roguey, nrook_uturn, nicolae_inconvenience_store,
          nicolae_twisty_statue_hallways
D:12:     layout_basic, chequers_hall_statues_y, minivault_15
D:13:     layout_loops_ring, lightli_vaults_fourway_checkpoint,
          portal_ice_cave_entry_ice_simulacra, uniq_josephine
D:14:     layout_basic
D:15:     hellmonk_depths_entry_around_the_bend, layout_basic,
          grunt_ministairs_3, uniq_jorgrun
Lair:1:   layout_loops_ring, nicolae_volcano_entry_hallway,
          chequers_serial_rivers_micro_b
Lair:2:   lemuel_reptile_caves, layout_chaotic_city,
          minmay_shoals_entry_lonely_mermaid, minmay_lindwurm_lava
Lair:3:   layout_chaotic_city, hellmonk_spider_entry_life_and_decay,
          kilobyte_rumbling_trees, grunt_megastairs_5, uniq_rupert, uniq_kirke,
          uniq_nergalle
Lair:4:   layout_long_grid, minmay_slime_entry_pillars, lemuel_fruit_tree
Lair:5:   hangedman_lair_tendril_chambers, layout_regular_city
Shoals:1: layout_shoals, nicolae_shoals_square_sea_wall, uniq_roxanne
Orc:1:    layout_diamond_mine, guppyfry_library_mini
Orc:2:    kennysheep_orc_mage_school, layout_caves, basic_altar, uniq_azrael

Skill      XL: |  1  2  3  4  5  6  7  8  9 10 11 12 13 14 15 16 |
---------------+-------------------------------------------------+-----
Invocations    | 1 2 3 4 5 6 7 8 9 10 11 12 | 12.7
Short Blades   | 1 2 3 4 5 6 7 8 9 10 11 | 11.7
Long Blades    | 1 2 3 4 5 6 7 8 9 10 11 | 11.7
Maces & Flails | 1 2 3 4 5 6 7 8 9 10 11 | 11.7
Polearms       | 1 2 3 4 5 6 7 8 9 10 11 | 11.7
Staves         | 1 2 3 4 5 6 7 8 9 10 11 | 11.7
Ranged Weapons | 1 2 3 4 5 6 7 8 9 10 11 | 11.7
Throwing       | 1 2 3 4 5 6 7 8 9 10 11 | 11.7
Stealth        | 1 2 3 4 5 6 7 8 9 10 11 | 11.7
Shields        | 1 2 3 4 5 6 7 8 9 10 11 | 11.7
Unarmed Combat | 1 2 3 4 5 6 7 8 9 10 11 | 11.7
Spellcasting   | 1 2 3 4 5 6 7 8 9 10 11 | 11.7
Evocations     | 1 2 3 4 5 6 7 8 9 10 11 | 11.7
Shapeshifting  | 1 2 3 4 5 6 7 8 9 10 | 10.8
Conjurations   | 1 2 3 4 5 6 7 8 9 |  9.9
Hexes          | 1 2 3 4 5 6 7 8 9 |  9.9
Summonings     | 1 2 3 4 5 6 7 8 9 |  9.9
Necromancy     | 1 2 3 4 5 6 7 8 9 |  9.9
Translocations | 1 2 3 4 5 6 7 8 9 |  9.9
Transmutations | 1 2 3 4 5 6 7 8 9 |  9.9
Fire Magic     | 1 2 3 4 5 6 7 8 9 |  9.9
Ice Magic      | 1 2 3 4 5 6 7 8 9 |  9.9
Air Magic      | 1 2 3 4 5 6 7 8 9 |  9.9
Earth Magic    | 1 2 3 4 5 6 7 8 9 |  9.9
Poison Magic   | 1 2 3 4 5 6 7 8 9 |  9.9
Armour         | 5 6 7 8 9 10 11 12 | 12.5
Dodging        | 5 6 7 8 9 10 11 12 | 12.5
Fighting       | 7 8 9 10 11 12 13 | 13.3
Axes           | 7 8 9 10 11 12 13 | 13.3

Action                     |  1- 3 |  4- 6 |  7- 9 | 10-12 | 13-15 | 16-18 || total
---------------------------+-------+-------+-------+-------+-------+-------++-------
  Melee: Hand axe          |    93 |       |       |       |       |   297 ||   390
         Bite              |     7 |    10 |    21 |    35 |   225 |   139 ||   437
         Great mace        |     3 |    94 |       |       |       |       ||    97
         War axe           |       |     9 |       |       |       |       ||     9
         Executioner's axe |       |     4 |    73 |       |       |       ||    77
         Battleaxe         |       |       |    95 |   146 |       |       ||   241
         Morningstar       |       |       |       |   133 |     6 |       ||   139
         Broad axe         |       |       |       |     6 |   402 |    26 ||   434
         Demon whip        |       |       |       |       |  1166 |   608 ||  1774
         Rapier            |       |       |       |       |       |     3 ||     3
  Throw: Dart              |       |       |     6 |    15 |   212 |    35 ||   268
         Boomerang         |       |       |       |     8 |    92 |    49 ||   149
         Throwing net      |       |       |       |     1 |       |       ||     1
         Javelin           |       |       |       |       |     4 |     3 ||     7
 Invoke: Berserk           |       |     3 |     5 |    10 |    33 |    15 ||    66
         Trog's Hand       |       |     2 |     6 |     3 |    10 |     7 ||    28
         Brothers in Arms  |       |       |       |       |     3 |     1 ||     4
  Evoke: Wand              |       |       |       |       |     3 |     1 ||     4
    Use: Potion            |       |     3 |     1 |     1 |     8 |     2 ||    15
         Scroll            |       |       |    19 |     8 |     8 |     3 ||    38
   Stab: Held in net/web   |       |       |       |     2 |       |       ||     2
         Sleeping          |       |       |       |       |    12 |     6 ||    18
         Invisible         |       |       |       |       |     1 |       ||     1
         Petrified         |       |       |       |       |       |     8 ||     8
         Distracted        |       |       |       |       |       |     1 ||     1
         Petrifying        |       |       |       |       |       |     1 ||     1
 Armour: Animal skin       |     9 |       |       |       |       |       ||     9
         Scale mail        |    37 |       |       |       |       |       ||    37
         Chain mail        |     2 |   106 |   171 |   224 |    19 |       ||   522
         Shadow dragon sca |       |       |       |    46 |   953 |    17 ||  1016
         Ring mail         |       |       |       |       |       |   440 ||   440
  Dodge: Dodged            |    51 |    71 |    84 |   127 |   502 |   335 ||  1170
  Block: Kite shield       |       |       |       |    89 |   862 |   552 ||  1503
         Buckler           |       |       |       |       |    47 |       ||    47

Table legend: (Time is in decaauts)
 A = Elapsed time spent in this place.
 B = Non-inter-level travel time spent in this place.
 C = Inter-level travel time spent in this place.
 D = Time resting spent in this place.
 E = Time spent auto-exploring this place.
 F = Levels seen in this place.
 G = Mean time per level.
                   A        B        C        D        E       F      G
               +--------+--------+--------+--------+--------+-----+--------+
         Total |  33065 |  31371 |   1694 |   4622 |  20003 |  26 | 1271.7 |
       Dungeon |  17186 |  15961 |   1225 |   2037 |  10848 |  15 | 1145.7 |
          Lair |   9606 |   9291 |    315 |    559 |   6700 |   5 | 1921.2 |
        Shoals |    732 |    732 |      0 |    270 |    248 |   1 |  732.0 |
  Orcish Mines |   2060 |   1908 |    152 |    358 |   1042 |   2 | 1030.0 |
       Ossuary |    336 |    336 |      0 |      0 |    255 |   1 |  336.0 |
      Ice Cave |   1431 |   1431 |      0 |    448 |    520 |   1 | 1431.0 |
       Volcano |   1712 |   1712 |      0 |    948 |    388 |   1 | 1712.0 |
               +--------+--------+--------+--------+--------+-----+--------+

Top non-repeatable levels by time:
  Lair:3: 2390 daAuts
  Lair:2: 2195 daAuts
  Lair:5: 1992 daAuts
     D:9: 1885 daAuts
  Lair:4: 1857 daAuts
    D:15: 1850 daAuts
 Volcano: 1712 daAuts
    D:14: 1442 daAuts
   IceCv: 1431 daAuts
     D:8: 1350 daAuts
    D:13: 1271 daAuts
   Orc:2: 1227 daAuts
  Lair:1: 1171 daAuts
     D:7: 1157 daAuts
     D:5: 1139 daAuts
